 Dungeon Crawl Stone Soup version 0.30-b1-2-g02819fbbbe (webtiles) character file.

Game seed: 17588722870543511333

25692 Borgoz the Basher (level 13, -4/84 HPs)
             Began as a Gargoyle Berserker on June 22, 2023.
             Was a High Priest of Trog.
             Slain by a manticore (9 damage)
             ... on level 3 of the Lair of Beasts.
             The game lasted 00:30:51 (15364 turns).

Borgoz the Basher (Gargoyle Berserker)             Turns: 15364, Time: 00:30:51

Health: -4/84      AC: 23    Str: 22    XL:     13   Next: 21%
Magic:  0/13       EV: 17    Int:  8    God:    Trog [*****.]
Gold:   956        SH:  0    Dex: 19    Spells: 12/12 levels left

rFire   . . .        z - +0 morningstar
rCold   . . .        (no shield)
rNeg    + . .        n - +0 troll leather armour
rPois   ∞            (no helmet)
rElec   +            u - +1 cloak
rCorr   +            b - +2 pair of gloves
SInv    .            E - +0 pair of boots
Will    ++...        g - amulet of guardian spirit
Stlth   +            k - ring of resist corrosion
HPRegen 2.14/turn    A - +6 ring of dexterity
MPRegen 0.13/turn

%: guardian spirit
@: strong-willed, regenerating
A: sickness immunity, AC +9, negative energy resistance 1, electricity
resistance, torment resistance 1, petrification resistance
a: Renounce Religion, Berserk, Trog's Hand, Brothers in Arms


You were on level 3 of the Lair of Beasts.
You worshipped Trog.
Trog was extremely pleased with you.
You visited 3 branches of the dungeon, and saw 15 of its levels.
You also visited: Bailey.

You collected 956 gold pieces.

Inventory:

Hand Weapons
 z - a +0 morningstar (weapon)
Missiles
 l - 2 datura-tipped darts
 m - a curare-tipped dart
 D - 20 poisoned darts (quivered)
 G - 3 throwing nets
Armour
 b - a +2 pair of gloves (worn)
 n - a +0 troll leather armour (worn)
 u - a +1 cloak (worn)
 E - a +0 pair of boots (worn)
 P - a +2 scale mail of cold resistance
Jewellery
 g - an amulet of guardian spirit (around neck)
 k - a ring of resist corrosion (left hand)
 o - a ring of protection from fire
 s - a ring of flight
 t - a ring of protection from cold
 A - a +6 ring of dexterity (right hand)
 N - a ring of protection from cold
 O - a ring of protection from fire
 S - a +4 ring of protection
Wands
 a - a wand of roots (8)
 f - a wand of mindburst (11)
 h - a wand of acid (4)
 w - a wand of paralysis (39)
 x - a wand of digging (5)
 J - a wand of flame (20)
 M - a wand of polymorph (5)
Scrolls
 c - a scroll of magic mapping {unknown}
 d - 6 scrolls of teleportation
 j - 3 scrolls of amnesia {unknown}
 q - 4 scrolls of fear {unknown}
 v - 2 scrolls of enchant weapon {unknown}
 y - 3 scrolls of blinking {unknown}
 C - 2 scrolls of noise {unknown}
 F - 2 scrolls of fog {unknown}
 I - 3 scrolls of torment {unknown}
 L - 4 scrolls of enchant armour {unknown}
 T - a scroll of poison
 V - a scroll of butterflies {unknown}
Potions
 e - 4 potions of resistance
 i - 4 potions of mutation
 p - 2 potions of haste
 r - a potion of cancellation {unknown}
 B - 2 potions of magic
 H - 3 potions of flight
 Q - 2 potions of might
 R - 3 potions of ambrosia
 U - a potion of invisibility


   Skills:
 * Level 11.4 Fighting
 * Level 14.1 Maces & Flails
 * Level 11.1 Armour
 * Level 8.6 Dodging
 + Level 1.2 Evocations


You had 12 spell levels left.
You didn't know any spells.
Your spell library was empty.

Dungeon Overview and Level Annotations

Branches:
Dungeon (11/15)            Temple (1/1) D:7            Lair (3/5) D:11
  Swamp (0/4) Lair:2       Spider (0/4) Lair:2          Orc (0/2) D:11
 Bailey (visited)

Altars:
Ashenzari
Cheibriados
Dithmenos
Elyvilon
Fedhas
Gozag
Hepliaklqana
Kikubaaqudgha
Makhleb
Nemelex Xobeh
Okawaru
Qazlal
Ru
Sif Muna
Trog
Uskayaw
Vehumet
Wu Jian
Xom
Yredelemnul
Zin
The Shining One

Shops:
D:1 [   D:3 =   D:5 [   D:6 :

Annotations:
D:9 2 runed translucent doors, windycow's ghost, novice DsGl


Innate Abilities, Weirdness & Mutations

You are immune to sickness and miasma.
Your stone body is resilient. (AC +9)
You are immune to poison.
You resist negative energy. (rN+)
You are resistant to electric shocks. (rElec)
You are resistant to unholy torment.
You are immune to petrification.


Message History

You are too injured to fight recklessly!
You are too injured to fight recklessly!
You are too injured to fight recklessly!
The helpless manticore fails to defend itself.
You hit the manticore.
The manticore is lightly wounded.
The catoblepas gores you but does no damage. x2
Your skin crawls.
You feel strong-willed. The catoblepas completely misses you.
The catoblepas gores you!
Your ogre goes berserk!
The catoblepas breathes a plume of calcifying dust at you.
The blast of calcifying dust hits you. The catoblepas closely misses you.
You puncture the catoblepas!
The catoblepas is lightly wounded.
Your ogre hits the catoblepas with a +0 giant spiked club!!!
The catoblepas smashes its foot into the water.
The catoblepas closely misses you. The catoblepas barely misses you.
The helpless manticore fails to defend itself.
You skewer the manticore like a kebab!!!
The manticore is heavily wounded.
The helpless manticore fails to defend itself.
You puncture the manticore!
The manticore is severely wounded.
The manticore is no longer petrified.
Your ogre barely misses the catoblepas.
The catoblepas breathes a plume of calcifying dust at you.
The blast of calcifying dust hits you but does no damage.
The catoblepas gores you!!
* * * LOW HITPOINT WARNING * * *
The manticore bites you!
* * * LOW HITPOINT WARNING * * *
The manticore closely misses you. The manticore barely misses you.
You feel much better.
Your ogre hits the catoblepas with a +0 giant spiked club!!
The catoblepas gores you!
* * * LOW HITPOINT WARNING * * *
The catoblepas gores you.
* * * LOW HITPOINT WARNING * * *
The manticore completely misses you. The manticore claws you!
You die...

...........~~P.~.................
.<..<............................
.................................
.................................
..............................>..
.................................
.................................
.............#####...#####.......
.............#..@##.##.H.# ......
.............#OYYH#.#~~$.# ....#.
.............#.~..≈.≈..~.# ...#.
.............##~.......~## #..
..............##≈.~~~.≈## ##.
...............#..~<~..# ##.
..............##≈.~~~.≈# ##..
.............##~.......~# #...
..........>..#.~..≈.≈..~.# ....


You could see 2 catoblepae, a manticore and a friendly ogre (summoned, berserk).

Vanquished Creatures
  Harold (D:11)
  2 vault guards (Bailey)
  A boulder beetle (D:11)
  A two-headed ogre (D:11)
  A pharaoh ant (Lair:2)
  A bog body (Lair:2)
  A manticore (Lair:3)
  2 black mambas
  6 cane toads
  6 komodo dragons
  An unseen horror (D:10)
  A kobold demonologist (D:9)
  3 rime drakes
  Prince Ribbit (Bailey)
  4 trolls
  A tarantella (Lair:2)
  A polar bear (Lair:1)
  4 blink frogs (Lair:1)
  5 dream sheep (Lair:3)
  24 yaks
  2 wyverns
  7 humans (Bailey)
  3 steam dragons
  6 vampire mosquitoes
  2 basilisks (Lair:1)
  A redback (Lair:2)
  Menkaure (D:4)
  2 acid dragons
  2 swamp worms (Lair:2)
  5 water moccasins
  Duvessa (D:7)
  4 orc warriors (D:11)
  A black bear (D:5)
  2 ogres
  6 wolves (Lair:1)
  5 centaurs
  13 bullfrogs
  5 kobold brigands
  4 scorpions
  10 wights
  Dowan (D:7)
  21 killer bees
  3 electric eels
  2 howler monkeys (D:8)
  3 hounds
  7 orc priests
  Crazy Yiuf (D:4)
  2 sleepcaps (D:5)
  2 gnoll boudas
  Terence (D:2)
  8 orc wizards
  3 iguanas
  11 gnolls
  4 adders
  9 river rats (D:7)
  A shadow imp (D:8)
  2 white imps
  2 ufetubi
  4 worms
  A dart slug (D:1)
  19 orcs
  8 ball pythons
  7 bats
  12 endoplasms
  4 giant cockroaches (D:1)
  15 goblins
  9 hobgoblins
  8 jackals
  7 quokkas
  A frilled lizard (D:1)
  25 kobolds
  23 rats
375 creatures vanquished.

Vanquished Creatures (others)
  A steam dragon (D:7)
  A kobold brigand (D:7)
  4 kobolds (D:7)
  A bush (D:9)
  3 fungi
  16 plants
26 creatures vanquished.

Grand Total: 401 creatures vanquished

Notes
Turn   | Place    | Note
-------+----------+-------------------------------------------
     0 | D:1      | Borgoz the Gargoyle Berserker began the quest for the Orb.
     0 | D:1      | Reached XP level 1. HP: 14/14 MP: 1/1
    53 | D:1      | Found a faded altar of an unknown god.
   147 | D:1      | Reached XP level 2. HP: 19/19 MP: 2/2
   329 | D:1      | Reached XP level 3. HP: 23/23 MP: 3/3
   404 | D:1      | Reached ** piety under Trog
   703 | D:1      | Found Reoricw's Armour Boutique.
  1144 | D:2      | Reached XP level 4. HP: 23/29 MP: 4/4
  1408 | D:2      | Noticed Terence
  1418 | D:2      | Killed Terence
  1419 | D:2      | Reached skill level 4 in Maces & Flails
  1597 | D:3      | Found Setoh's Jewellery Shoppe.
  1915 | D:3      | Reached XP level 5. HP: 33/33 MP: 5/5
  2097 | D:3      | Reached *** piety under Trog
  2706 | D:4      | Reached XP level 6. HP: 38/39 MP: 6/6
  2919 | D:4      | Reached skill level 5 in Maces & Flails
  2969 | D:4      | Found a runed translucent door.
  2970 | D:4      | Noticed Crazy Yiuf
  2978 | D:4      | Killed Crazy Yiuf
  3190 | D:4      | Noticed Menkaure
  3198 | D:4      | Killed Menkaure
  3199 | D:4      | Reached XP level 7. HP: 44/44 MP: 5/7
  3457 | D:5      | Entered Level 5 of the Dungeon
  3476 | D:5      | Reached skill level 5 in Fighting
  3530 | D:5      | Reached skill level 6 in Maces & Flails
  3909 | D:5      | Reached XP level 8. HP: 20/50 MP: 2/8
  4042 | D:5      | Found a basalt altar of Yredelemnul.
  4342 | D:5      | Found Zeupetan's Armour Shop.
  4763 | D:5      | Found a broken altar of Ashenzari.
  5158 | D:6      | Reached skill level 5 in Armour
  5201 | D:6      | Reached skill level 7 in Maces & Flails
  5595 | D:6      | Found Nep Fei's Self-Improvement Boutique.
  5862 | D:7      | Reached XP level 9. HP: 43/56 MP: 7/9
  6166 | D:7      | Reached skill level 8 in Maces & Flails
  6361 | D:7      | Noticed Duvessa
  6361 | D:7      | Noticed Dowan
  6395 | D:7      | Killed Duvessa
  6398 | D:7      | Killed Dowan
  6542 | D:7      | Reached skill level 5 in Dodging
  6562 | D:7      | Reached **** piety under Trog
  6578 | D:7      | Reached skill level 9 in Maces & Flails
  7295 | D:7      | Found a staircase to the Ecumenical Temple.
  7313 | D:7      | Identified the +0 leather armour "Uhos Det" {rN+}
  7415 | Temple   | Entered the Ecumenical Temple
  7674 | D:8      | Found a flagged portal.
  7728 | Bailey   | Entered a bailey
  7760 | Bailey   | Reached XP level 10. HP: 20/63 MP: 1/10
  7772 | Bailey   | HP: 2/64 [human/+2 heavy hand axe (4)]
  8021 | Bailey   | Noticed a vault guard
  8021 | Bailey   | Noticed Prince Ribbit
  8028 | Bailey   | Killed Prince Ribbit
  8039 | Bailey   | Killed a vault guard
  8040 | Bailey   | Reached skill level 10 in Maces & Flails
  8089 | Bailey   | Noticed a vault guard
  8098 | Bailey   | Killed a vault guard
  8949 | D:8      | Reached XP level 11. HP: 69/69 MP: 11/11
  8985 | D:8      | Found a shimmering altar of Xom.
  9308 | D:9      | Reached skill level 11 in Maces & Flails
  9567 | D:9      | Found a hide-covered altar of Uskayaw.
  9614 | D:9      | Found a large runed translucent door.
  9614 | D:9      | Found a large runed translucent door.
  9699 | D:9      | Found a sparkling altar of Nemelex Xobeh.
 10026 | D:9      | Noticed windycow's ghost (novice DsGl)
 10200 | D:10     | Entered Level 10 of the Dungeon
 10419 | D:10     | Found a glowing silver altar of Zin.
 10868 | D:10     | Found an iron altar of Okawaru.
 10896 | D:10     | Found a shimmering blue altar of Sif Muna.
 11413 | D:11     | Noticed Harold
 11572 | D:11     | Noticed a two-headed ogre
 11582 | D:11     | Killed a two-headed ogre
 11764 | D:11     | Noticed a boulder beetle
 11811 | D:11     | Killed a boulder beetle
 11812 | D:11     | Reached skill level 12 in Maces & Flails
 12017 | D:11     | Found a staircase to the Lair.
 12194 | D:11     | Found a staircase to the Orcish Mines.
 12304 | D:11     | Killed Harold
 12400 | D:11     | Reached XP level 12. HP: 72/77 MP: 9/12
 12405 | D:11     | Reached skill level 10 in Fighting
 12689 | Lair:1   | Entered Level 1 of the Lair of Beasts
 12824 | Lair:1   | Reached skill level 10 in Armour
 13028 | Lair:1   | Reached skill level 13 in Maces & Flails
 13408 | Lair:1   | Reached ***** piety under Trog
 13985 | Lair:2   | Found a hole to the Spider Nest.
 14582 | Lair:2   | Found a staircase to the Swamp.
 14723 | Lair:2   | Reached XP level 13. HP: 77/84 MP: 11/13
 14983 | Lair:3   | Reached skill level 14 in Maces & Flails
 15085 | Lair:3   | Reached skill level 1 in Evocations
 15363 | Lair:3   | HP: 2/84 [manticore (15)]
 15364 | Lair:3   | Slain by a manticore

Illustrated notes

Levels and vault maps discovered:
D:1:      ebering_hopf_link, layout_loops_cross, serial_shops,
          nicolae_shop_hallway_plus, ebering_ecumenical_altar_mist,
          nicolae_figureground_pulse
D:2:      layout_rooms, minmay_increasing_density, uniq_terence
D:3:      cheibrodos_greedy_goblins, layout_loops_ring, serial_shops,
          nicolae_shop_tiny_waterfront
D:4:      layout_loops_ring, minmay_misc_feat_rugged,
          minmay_goblin_kobold_house, uniq_crazy_yiuf_cottage, uniq_menkaure
D:5:      layout_basic, overflow_temple_1_default, old_standard_altar,
          chequers_hall_statues_y, grunt_decor_junction,
          nicolae_wooded_promenade, item_on_display_a
D:6:      layout_rooms, nicolae_shop_self_help
D:7:      lemuel_ratsnest, layout_basic, lemuel_temple_firewalk_b, uniq_duvessa
D:8:      layout_basic, lemuel_doored_altar, enter_bailey_2, minivault_14
D:9:      layout_irregular_city, mainiacjoe_overflow_small_starburst,
          nemelex_altar_shiori, ebering_ghost_disaster_area,
          kb_lookout_dungeons_type
D:10:     layout_long_grid, nicolae_overflow_crystal_walls,
          chequers_temple_overflow_statue_of_worship, chequers_garden,
          chequers_serial_rivers_small_3
D:11:     layout_roguey, lair_entry_dummy, david_orc_4, uniq_harold
Temple:   nicolae_temple_superstar
Lair:1:   layout_loops_ring, grunt_megastairs_5
Lair:2:   layout_regular_city, nicolae_swamp_entry_splash_gauntlet,
          nicolae_spider_entry_lesser_pyramids, infiniplex_staircase_pool_2,
          lemuel_fruit_tree
Lair:3:   nzn_motion_control, layout_layer_cave, chequers_serial_rivers_micro_d,
          serial_bayou_lagoon_a, guppyfry_lair_drakes

Skill      XL: |  1  2  3  4  5  6  7  8  9 10 11 12 13 |
---------------+----------------------------------------+-----
Dodging        | 2 3 4 5 6 7 8 |  8.6
Maces & Flails | 4 5 6 7 9 10 12 13 14 | 14.1
Armour         | 3 4 5 7 8 9 10 11 | 11.1
Fighting       | 4 5 6 7 8 9 11 | 11.4
Evocations     | 1 |  1.2

Action                     |  1- 3 |  4- 6 |  7- 9 | 10-12 | 13-15 || total
---------------------------+-------+-------+-------+-------+-------++-------
  Melee: Mace              |   144 |   168 |   206 |       |       ||   518
         Punch             |     2 |       |     6 |    17 |     1 ||    26
         Morningstar       |       |       |   245 |   906 |    82 ||  1233
  Throw: Dart              |       |       |       |     4 |       ||     4
 Invoke: Berserk           |       |     4 |     7 |    12 |     1 ||    24
         Trog's Hand       |       |     1 |     2 |     6 |     1 ||    10
         Brothers in Arms  |       |       |       |       |     1 ||     1
    Use: Scroll            |     2 |     5 |     3 |     2 |     2 ||    14
         Potion            |       |       |     2 |     5 |     1 ||     8
   Stab: Sleeping          |       |     1 |       |     2 |       ||     3
         Petrified         |       |       |       |       |     3 ||     3
 Armour: Animal skin       |    55 |    12 |       |       |       ||    67
         Scale mail        |       |    83 |   329 |   218 |       ||   630
         Troll leather arm |       |       |       |   274 |    47 ||   321
  Dodge: Dodged            |   105 |    85 |   360 |   832 |    79 ||  1461
